 Dungeon Crawl Stone Soup version 0.31.0-32-g396128a36d (webtiles) character file.

Game seed: 17331174474279026019

5294 firemarshallily the Covert (level 10, -2/73 HPs)
             Began as an Octopode Brigand on Mar 17, 2024.
             Was a Believer of Dithmenos.
             Slain by a troll (10 damage)
             ... on level 9 of the Dungeon.
             The game lasted 00:22:06 (9573 turns).

firemarshallily the Covert (Octopode Brigand)       Turns: 9573, Time: 00:22:07

Health: -2/73      AC:  1    Str: 10    XL:     10   Next: 63%
Magic:  10/10      EV: 14    Int: 14    God:    Dithmenos [**....]
Gold:   350        SH:  0    Dex: 18    Spells: 9/9 levels left

rFire   + . .        n - +2 dagger (drain)
rCold   . . .        (no shield)
rNeg    + . .        (helmet restricted)
rPois   .            (no amulet)
rElec   .            i - ring of positive energy
rCorr   +            z - ring of protection from fire
SInv    .            y - ring of resist corrosion
Will    .....        E - ring of wizardry
Stlth   ++++++++     (no ring)
HPRegen 0.32/turn    (no ring)
MPRegen 0.12/turn    (no ring)
                     (no ring)

%: wizardry (x1)
@: wreathed by umbra
A: almost no armour, amphibious, 8 rings, camouflage 1, gelatinous body 1,
(nimble swimmer 1), tentacles
a: Renounce Religion, Shadow Step


You were on level 9 of the Dungeon.
You worshipped Dithmenos.
Dithmenos was pleased with you.
You visited 2 branches of the dungeon, and saw 11 of its levels.

You collected 669 gold pieces.
You spent 319 gold pieces at shops.

Inventory:

Hand Weapons
 a - a +2 dagger
 n - a +2 dagger of draining (weapon)
Missiles
 b - 19 poisoned darts (quivered)
 c - 3 curare-tipped darts
 v - 4 datura-tipped darts
 A - 5 boomerangs
Jewellery
 i - a ring of positive energy (left tentacle)
 x - a ring of ice
 y - a ring of resist corrosion (on tentacle)
 z - a ring of protection from fire (right tentacle)
 E - a ring of wizardry (on tentacle)
 F - an amulet of the acrobat
 G - an amulet of faith
Wands
 p - a wand of charming (6)
Scrolls
 d - 3 scrolls of enchant armour
 f - 2 scrolls of poison
 k - 2 scrolls of summoning {unknown}
 l - 4 scrolls of fog
 o - 5 scrolls of teleportation
 q - 4 scrolls of blinking
 s - a scroll of revelation
 w - a scroll of enchant weapon
 B - a scroll of fear {unknown}
 C - a scroll of vulnerability
 H - a scroll of immolation
Potions
 e - 2 potions of curing
 g - 2 potions of lignification
 h - a potion of resistance {unknown}
 j - 2 potions of might {unknown}
 m - 4 potions of haste {unknown}
 r - a potion of invisibility {unknown}
 t - 2 potions of brilliance {unknown}
 u - 2 potions of degeneration {unknown}
 D - 2 potions of ambrosia {unknown}


   Skills:
 * Level 8.7 Fighting
 - Level 10.0 Short Blades
 - Level 2.0 Throwing
 + Level 3.1 Dodging
 + Level 12.5 Stealth


You had 9 spell levels left.
You didn't know any spells.
Your spell library contained the following spells:

 Spells                   Type           Power      Damage    Failure   Level
 Freeze                   Ice            0%         1d3       12%         1
 Lesser Beckoning         Tloc           0%         N/A       17%         2
 Call Canine Familiar     Summ           0%         N/A       32%         3
 Frozen Ramparts          Ice            0%         1d1       32%         3
 Gell's Gravitas          Tloc           0%         N/A       32%         3
 Hailstorm                Conj/Ice       0%         3d5       32%         3
 Ozocubu's Armour         Ice            0%         N/A       32%         3
 Sigil of Binding         Hex            0%         N/A       32%         3
 Stone Arrow              Conj/Erth      0%         3d7       32%         3
 Teleport Other           Tloc           0%         N/A       32%         3
 Dimensional Bullseye     Hex/Tloc       0%         N/A       71%         4
 Iskenderun's Battlesphe  Conj           0%         2d6       95%         5
 Metabolic Englaciation   Hex/Ice        0%         N/A       95%         5
 Bombard                  Conj/Erth      0%         9d1       100%        6
 Sculpt Simulacrum        Ice/Alch       0%         N/A       100%        6
 Spellforged Servitor     Conj/Summ      0%         N/A       100%        7
 Lehudib's Crystal Spear  Conj/Erth      0%         10d2      100%        8
 Animate Armour           Summ/Erth      Unusable   N/A       N/A         4

Dungeon Overview and Level Annotations

Branches:
Dungeon (10/15)            Temple (1/1) D:6             Orc (0/2) D:9
   Lair: D:8-11

Altars:
Ashenzari
Cheibriados
Dithmenos
Fedhas
Gozag
Hepliaklqana
Kikubaaqudgha
Makhleb
Nemelex Xobeh
Okawaru
Qazlal
Ru
Sif Muna
Trog
Uskayaw
Vehumet
Wu Jian
Xom
Yredelemnul
Zin
The Shining One

Shops:
D:1 ?   D:5 !   D:8 =   D:9 (


Innate Abilities, Weirdness & Mutations

You cannot wear most types of armour.
You are amphibious.
You can wear up to eight rings at the same time.
Your skin changes colour to match your surroundings (Stealth+).
Your rubbery body absorbs attacks. (AC +1, EV +1)
((You are camouflaged when in or above water. (Stealth+)))
You have tentacles for arms and can constrict up to eight enemies at once.


Message History

There is a stone staircase leading down here.
You start resting.
HP restored.
You climb downwards.
The troll closely misses you. The troll claws you! The troll barely misses you.
There is a stone staircase leading up here.
The troll closely misses you. The troll barely misses you. x2
You climb upwards.
There is a stone staircase leading down here.
You hit the troll.
The troll is lightly wounded.
The troll bites you. The troll claws you. The troll closely misses you.
You hit the troll. You squeeze the troll!
The troll is moderately wounded.
You hit the troll.
The troll is moderately wounded.
The troll closely misses you. The troll claws you. The troll barely misses you.
You hit the troll. You drain the troll. You squeeze the troll.
The troll is heavily wounded.
You hit the troll but do no damage.
The troll is heavily wounded.
The troll bites you! The troll claws you. The troll barely misses you.
You hit the troll.
The troll is heavily wounded.
You hit the troll.
The troll is heavily wounded.
The troll bites you! The troll claws you. x2
* * * LOW HITPOINT WARNING * * *
You hit the troll.
You squeeze the troll, but do no damage.
The troll is severely wounded.
You hit the troll.
The troll is severely wounded.
The troll bites you!
* * * LOW HITPOINT WARNING * * *
The troll barely misses you. The troll closely misses you.
You feel better. The troll bites you!
* * * LOW HITPOINT WARNING * * *
The troll closely misses you. The troll claws you!
You die...

...##....### #.......
...#####...# ####### ###.######
#### #...####.....####...#.....
########.....##..................
......)....#.##....[.####..#.####
...........#..#............#.#
..........###.####.#.####.##.#
..........# #....T.#.# #.##.####
########### ####@..#.####.#......
#.#...........####
####+#....[...)......
#..............).####
#......)...>.∩.).####
#.................#..
#........)...).......
#.)...............#..
#######....)#####...♣♣..#..


You could see a troll (drained).

Vanquished Creatures
  Erica (D:8)
  Grinder (D:4)
  4 yaks (D:9)
  Edmund (D:4)
  An acid dragon (D:8)
  2 water moccasins (D:7)
  3 black bears
  An ice beast (D:8)
  6 orc warriors
  An ogre (D:7)
  3 centaurs
  A phantom (D:6)
  3 bullfrogs
  A gnoll sergeant (D:9)
  4 scorpions
  11 killer bees
  An electric eel (D:7)
  A hound (D:5)
  3 jellies
  10 orc priests
  10 orc wizards
  2 iguanas
  8 gnolls
  13 adders
  4 shadow imps
  2 white imps
  4 ufetubi
  2 dart slugs (D:2)
  2 ribbon worms
  46 orcs
  6 bats
  3 endoplasms
  7 giant cockroaches
  9 goblins
  7 hobgoblins
  4 kobolds
  3 quokkas
  2 ball pythons
  3 frilled lizards
  5 rats
201 creatures vanquished.

Vanquished Creatures (others)
  An orc wizard (D:7)
1 creature vanquished.

Grand Total: 202 creatures vanquished

Notes
Turn   | Place    | Note
-------+----------+-------------------------------------------
     0 | D:1      | firemarshallily the Octopode Brigand began the quest for
                  | the Orb.
     0 | D:1      | Reached XP level 1. HP: 14/14 MP: 1/1
     4 | D:1      | Found a faded altar of an unknown god.
    66 | D:1      | Reached XP level 2. HP: 19/19 MP: 2/2
   373 | D:1      | Found Luomufept's Magic Scroll Boutique.
   376 | D:1      | Bought a scroll of fog for 44 gold pieces
   376 | D:1      | Bought a scroll of noise for 11 gold pieces
   411 | D:2      | Reached XP level 3. HP: 25/25 MP: 3/3
   710 | D:2      | Reached XP level 4. HP: 26/30 MP: 4/4
   902 | D:2      | Reached skill level 6 in Stealth
  1100 | D:1      | Bought a scroll of teleportation for 33 gold pieces
  1100 | D:1      | Bought a scroll of teleportation for 33 gold pieces
  1100 | D:1      | Bought a scroll of identify for 22 gold pieces
  1100 | D:1      | Bought a scroll of identify for 22 gold pieces
  1147 | D:2      | Reached XP level 5. HP: 32/36 MP: 5/5
  1833 | D:3      | Found a bloodstained altar of Trog.
  1974 | D:4      | Found a sparkling altar of Nemelex Xobeh.
  1981 | D:4      | Found a radiant altar of Vehumet.
  2022 | D:4      | Noticed Edmund
  2052 | D:4      | Killed Edmund
  2053 | D:4      | Reached skill level 7 in Stealth
  2053 | D:4      | Reached XP level 6. HP: 4/43 MP: 6/6
  2257 | D:4      | Noticed Grinder
  2267 | D:4      | Paralysed by Grinder for 4 turns
  2282 | D:4      | Paralysed by Grinder for 2 turns
  2299 | D:4      | Killed Grinder
  2300 | D:4      | Reached skill level 5 in Short Blades
  2300 | D:4      | Reached XP level 7. HP: 15/48 MP: 7/7
  2457 | D:4      | Found a burning altar of Makhleb.
  2978 | D:5      | Entered Level 5 of the Dungeon
  2986 | D:5      | Found an opulent altar of Gozag.
  3219 | D:5      | Found a stormy altar of Qazlal.
  3388 | D:5      | Reached skill level 8 in Stealth
  3423 | D:5      | Found Ciahae's Distillery.
  3431 | D:5      | Bought a potion of curing for 36 gold pieces
  3554 | D:1      | Bought a scroll of blinking for 82 gold pieces
  3629 | D:5      | Found a broken altar of Ashenzari.
  3826 | D:5      | Reached XP level 8. HP: 39/54 MP: 8/8
  4565 | D:6      | Reached skill level 5 in Fighting
  4784 | D:6      | Found a staircase to the Ecumenical Temple.
  4854 | Temple   | Entered the Ecumenical Temple
  4876 | D:6      | Found a shadowy altar of Dithmenos.
  4974 | D:6      | Became a worshipper of Dithmenos the Shadowed
  5065 | D:6      | Reached skill level 9 in Stealth
  5465 | D:6      | Reached XP level 9. HP: 35/62 MP: 9/9
  6028 | D:7      | Reached skill level 10 in Stealth
  6298 | D:7      | Reached * piety under Dithmenos
  7579 | D:8      | Noticed Erica
  7596 | D:8      | Killed Erica
  7597 | D:8      | Reached skill level 10 in Short Blades
  7597 | D:8      | Reached skill level 11 in Stealth
  7597 | D:8      | Reached XP level 10. HP: 5/71 MP: 10/10
  7837 | D:8      | Found Jeajad's Jewellery Shop.
  8007 | D:8      | Found a hazy altar of Hepliaklqana.
  8079 | D:8      | Found a shimmering blue altar of Sif Muna.
  8452 | D:5      | Bought a potion of curing for 36 gold pieces
  8524 | D:9      | Found Hashros's Weapon Shoppe.
  8524 | D:9      | Found a staircase to the Orcish Mines.
  8529 | D:9      | Reached skill level 12 in Stealth
  8530 | D:9      | Reached ** piety under Dithmenos
  9475 | D:10     | Entered Level 10 of the Dungeon
  9475 | D:10     | Found a sacrificial altar of Ru.
  9573 | D:9      | Slain by a troll

Illustrated notes

Levels and vault maps discovered:
D:1:      scummos_arrival_hexagon, layout_rooms, serial_shops,
          nicolae_shop_real_fake_doors, ebering_ecumenical_altar_abandoned
D:2:      layout_loops_ring
D:3:      layout_loops_ring, mainiacjoe_overflow_chevrons,
          minmay_misc_feat_secret_circle, chequers_mini_garden
D:4:      layout_loops_ring, overflow_temple_1_default,
          mainiacjoe_overflow_surrounded_room, nicolae_vehumet_altar_sigil,
          hangedman_decor_riveting, uniq_grinder, uniq_edmund
D:5:      layout_cave_pods, nicolae_qazlal_scattered_showers,
          mainiacjoe_overflow_concentric_impassable,
          nicolae_ashenzari_panopticon, serial_shops, shop
D:6:      layout_basic, grunt_dithmenos_smoke_and_mirrors,
          minmay_temple_entry_purple_smoke
D:7:      layout_basic, minivault_14, minmay_misc_feat_x
D:8:      layout_basic, worldfamousw_hep_ancestral_shrine, tgw_sif,
          serial_shops, shop, lemuel_flamethrower_2, uniq_erica
D:9:      layout_basic, orc_david_3
D:10:     layout_rooms, lemuel_crystal_altar, elyvilon_altar_4, erik_lair_island
Temple:   eino_wide_crystal_templ

Skill      XL: |  1  2  3  4  5  6  7  8  9 10 |
---------------+-------------------------------+-----
Short Blades   | 3 4 5 6 8 10 | 10.0
Stealth        | 6 7 8 9 11 12 | 12.5
Fighting       | 3 4 5 7 8 |  8.7
Dodging        | 3 |  3.1
Throwing       | |  2.0

Action                     |  1- 3 |  4- 6 |  7- 9 | 10-12 || total
---------------------------+-------+-------+-------+-------++-------
  Melee: Dagger            |    46 |   102 |   297 |   135 ||   580
         Constrict         |     8 |    23 |    59 |    13 ||   103
         Tentacles         |     6 |    20 |    76 |    36 ||   138
         Punch             |     1 |     2 |     9 |     2 ||    14
  Throw: Dart              |       |     6 |    11 |       ||    17
    Use: Potion            |       |       |     5 |     2 ||     7
         Scroll            |       |       |     5 |     1 ||     6
   Stab: Sleeping          |     8 |    13 |    23 |    13 ||    57
         Distracted        |       |     2 |       |       ||     2
 Armour: Skin              |    15 |    34 |   145 |    43 ||   237
  Dodge: Dodged            |    25 |    47 |   145 |    61 ||   278
